[Event "41st Amateur D7"]
[Site "ChessGUI4"]
[Date "2013.07.05"]
[Round "8.1"]
[White "MadChess 1.2"]
[Black "Carballo 0.8"]
[Result "1-0"]
[BlackElo "2273"]
[ECO "E23"]
[EventDate "2013.??.??"]
[TimeControl "40/1500:40/1500:40/1500"]
[WhiteElo "2200"]

{ i5 Quad } 1.d4 Nf6 2.c4 e6 3.Nc3 Bb4 4.Qb3 c5 5.dxc5 Nc6 6.Bg5 Bxc5 7.Nf3 b6 8.e4 Be7 9.h3 O-O
{ [%eval -38,13] [%emt 0:00:37] (Bb7) } 10.O-O-O
{ [%eval -10,10] [%emt 0:00:18] (O-O-O) } 10...h6
{ [%eval -26,14] [%emt 0:00:36] (Bb7) } 11.Bxf6
{ [%eval -8,10] [%emt 0:00:24] (Be3) } 11...Bxf6
{ [%eval -24,14] [%emt 0:00:35] (Bxf6) } 12.Nb5
{ [%eval -6,11] [%emt 0:00: 56] (Nb5) } 12...Ba6
{ [%eval -11,13] [%emt 0:00:34] (Be7) } 13.Nd6
{ [%eval 1,11] [%emt 0:00:33] (Nd6) } 13...Qc7
{ [%eval -18,13] [%emt 0:00:33] (Qc7) } 14.Qa3
{ [%eval -13,10] [%emt 0:00:16] (Qe3) } 14...Be7
{ [%eval 3,14] [%emt 0:00:32] (Na5) } 15.Kb1
{ [%eval -26,10] [%emt 0:00:23] (Kb1) } 15...Bb7
{ [%eval 9,13] [%emt 0:00:32] (Na5) } 16.c5
{ [%eval -30,10] [%emt 0:00:28] (Nb5) } 16...Nd8
{ [%eval 34,13] [%emt 0: 00:31] (Nb8) } 17.Nxb7
{ [%eval -2,12] [%emt 0:00:40] (Nxb7) } 17...Qxb7
{ [%eval 47, 15] [%emt 0:00:30] (Qxb7) } 18.Qa4
{ [%eval -60,12] [%emt 0:00:56] (Qa4) } 18...Nc6
{ [%eval 57,15] [%emt 0:00:29] (Nc6) } 19.Ba6
{ [%eval -66,12] [%emt 0:00:34] (Ba6) } 19...Qc7
{ [%eval 59,16] [%emt 0:00:29] (Qc7) } 20.cxb6
{ [%eval -59,11] [%emt 0:00:16] (cxb6) } 20...axb6
{ [%eval 89,15] [%emt 0:00:28] (axb6) } 21.Qc4
{ [%eval -118,12] [%emt 0:01:05] (Qc4) } 21...Bc5
{ [%eval 79,13] [%emt 0:00:27] (Bc5) } 22.Qe2
{ [%eval -107,11] [%emt 0:00:27] (a3) } 22...Bxf2
{ [%eval 100,13] [%emt 0:00:26] (Bxf2) } 23.Bb5
{ [%eval -119,10] [%emt 0:00:28] (Rhf1) } 23...Bc5
{ [%eval 98,13] [%emt 0:00:26] (Bc5) } 24.a3
{ [%eval -118,10] [%emt 0:00:37] (a3) } 24...Rfd8
{ [%eval 91,12] [%emt 0:00:25] (Rfd8) } 25.Rhf1
{ [%eval -112,10] [%emt 0:00:24] (b4) } 25...g5
{ [%eval 90,11] [%emt 0:00:24] (Bd6) } 26.Rd3
{ [%eval -87,8] [%emt 0: 00:28] (g4) } 26...Na7
{ [%eval 91,11] [%emt 0:00:24] (d6) } 27.Nxg5
{ [%eval 0,11] [%emt 0:01:31] (Bc4) } 27...hxg5
{ [%eval -90,12] [%emt 0:00:23] (hxg5) } 28.Qh5
{ [%eval 107,13] [%emt 0:01:06] (Qh5) } 28...d5
{ [%eval -107,12] [%emt 0:00:23] (d5) } 29.Qxg5+
{ [%eval 249,13] [%emt 0:00:26] (Qxg5) } 29...Kf8
{ [%eval -104,13] [%emt 0: 00:22] (Kf8) } 30.Qh6+
{ [%eval 380,13] [%emt 0:00:34] (Qh6) } 30...Kg8
{ [%eval -541, 13] [%emt 0:00:21] (Kg8) } 31.Rxf7
{ [%eval 674,13] [%emt 0:00:43] (Rxf7) } 31...Kxf7
{ [%eval -966,11] [%emt 0:00:21] (Kxf7) } 32.Qh7+
{ [%eval -31782,15] [%emt 0:01: 18] (Qh7) } 32...Kf6
{ [%eval 31760,10] [%emt 0:00:03] (Kf6) } 33.Rf3+
{ [%eval -31780, 14] [%emt 0:00:30] (Qh6) } 33...Qf4
{ [%eval 31760,9] [%emt 0:00:01] (Qf4) } 34.e5+
{ [%eval -31778,15] [%emt 0:01:00] (e5) } 1-0

[Event "41st Amateur D7"]
[Site "ChessGUI4"]
[Date "2013.07.05"]
[Round "8.2"]
[White "ProChess 1.02AD"]
[Black "Shallow 1.0 64-bit"]
[Result "1/2-1/2"]
[BlackElo "2200"]
[ECO "E94"]
[EventDate "2013.??.??"]
[TimeControl "40/1500:40/1500:40/1500"]
[WhiteElo "2244"]

{ i5 Quad } 1.d4 Nf6 2.c4 g6 3.Nc3 Bg7 4.e4 d6 5.Nf3 O-O 6.Be2 e5 7.O-O c6 8.Re1 Na6 9.dxe5 dxe5 { [%eval -34,14] [%emt 0:00: 42] (dxe5) } 10.Nxe5
{ [%eval 87,12] [%emt 0:00:40] (Nxe5) } 10...Qe7
{ [%eval -29,14] [%emt 0:00:42] (Nc5) } 11.f4
{ [%eval 86,12] [%emt 0:00:50] (Ng4) } 11...Nc5
{ [%eval -27,13] [%emt 0:00:42] (Rd8) } 12.Qc2
{ [%eval 70,12] [%emt 0:02:13] (Qc2) } 12...Ne8
{ [%eval -30,13] [%emt 0:00:42] (Ne8) } 13.Nf3
{ [%eval 93,12] [%emt 0:01:44] (a3) } 13...Nc7
{ [%eval -61,13] [%emt 0:00:42] (Bg4) } 14.e5
{ [%eval 96,11] [%emt 0: 00:34] (e5) } 14...Bf5
{ [%eval -66,14] [%emt 0:00:42] (f6) } 15.Qd2
{ [%eval 92,12] [%emt 0:00:31] (Qd2) } 15...N7e6
{ [%eval -71,13] [%emt 0:00:42] (N7e6) } 16.Qe3
{ [%eval 95,12] [%emt 0:01:28] (Nd4) } 16...Rad8
{ [%eval -72,13] [%emt 0:01:30] (f6) } 17.Qf2
{ [%eval 95,12] [%emt 0:01:30] (Qf2) } 17...Bh6
{ [%eval -71,13] [%emt 0:00:41] (f6) } 18.g3
{ [%eval 105,12] [%emt 0:00:44] (g3) } 18...b6
{ [%eval -75,13] [%emt 0: 00:41] (Bg7) } 19.Be3
{ [%eval 111,11] [%emt 0:00:26] (b3) } 19...Nd3
{ [%eval -79,14] [%emt 0:00:41] (Nd3) } 20.Bxd3
{ [%eval 105,12] [%emt 0:00:33] (Bxd3) } 20...Bxd3
{ [%eval -80,14] [%emt 0:00:41] (Bxd3) } 21.Nd2
{ [%eval 107,11] [%emt 0:00:21] (b3) } 21...Bg7
{ [%eval -74,13] [%emt 0:00:41] (f6) } 22.Qg2
{ [%eval 99,11] [%emt 0: 00:59] (Rac1) } 22...Qb4
{ [%eval -61,13] [%emt 0:00:41] (f6) } 23.a3
{ [%eval 188,12] [%emt 0:02:35] (Qxc6) } 23...Qxb2
{ [%eval -24,14] [%emt 0:00:41] (Qxb2) } 24.Rec1
{ [%eval 46,12] [%emt 0:00:24] (Rec1) } 24...Nd4
{ [%eval -25,14] [%emt 0:00:41] (Nd4) } 25.Bxd4
{ [%eval 27,12] [%emt 0:00:23] (Nd1) } 25...Rxd4
{ [%eval -1,14] [%emt 0:00: 41] (Rxd4) } 26.Nd1
{ [%eval 33,13] [%emt 0:00:15] (Nd1) } 26...Be4
{ [%eval 5,15] [%emt 0:00:41] (Be4) } 27.Nxb2
{ [%eval 30,14] [%emt 0:00:12] (Nxe4) } 27...Bxg2
{ [%eval 14,15] [%emt 0:00:41] (Bxg2) } 28.Nb3
{ [%eval 23,14] [%emt 0:00:22] (Nb3) } 28...Re4
{ [%eval 14,15] [%emt 0:00:41] (Re4) } 29.Kxg2
{ [%eval 21,13] [%emt 0:00:32] (Kxg2) } 29...Re2+
{ [%eval 16,14] [%emt 0:00:41] (Re2) } 30.Kg1
{ [%eval 15, 14] [%emt 0:00:14] (Kh3) } 30...Rxb2
{ [%eval 13,14] [%emt 0:00:41] (Rxb2) } 31.Nd4
{ [%eval 11,14] [%emt 0:00:17] (Rcb1) } 31...Rc8
{ [%eval 16,14] [%emt 0:00:41] (Rd8) } 32.Rc2
{ [%eval 23,13] [%emt 0:00:14] (Rc2) } 32...Rxc2
{ [%eval 16,15] [%emt 0:00:41] (Rxc2) } 33.Nxc2
{ [%eval 18,14] [%emt 0:00:23] (Nxc2) } 33...Kf8
{ [%eval 16,14] [%emt 0:00:41] (c5) } 34.Rd1
{ [%eval 27,13] [%emt 0:00:12] (Kf2) } 34...Ke7
{ [%eval 14,15] [%emt 0:00:41] (f6) } 35.Rd6
{ [%eval 22,14] [%emt 0:00:41] (Rd6) } 35...Rd8
{ [%eval 15,16] [%emt 0:00:41] (Rd8) } 36.Rxd8
{ [%eval 24,15] [%emt 0:00:13] (Rxd8) } 36...Kxd8
{ [%eval 15,16] [%emt 0:00:41] (Kxd8) } 37.Kf2
{ [%eval 24,14] [%emt 0:00:16] (Kg2) } 37...h5
{ [%eval 15,16] [%emt 0:00:41] (Kd7) } 38.Ke3
{ [%eval 39,13] [%emt 0:00:08] (Nd4) } 38...Kd7
{ [%eval 15,16] [%emt 0:00:41] (Kd7) } 39.Ke4
{ [%eval 35,12] [%emt 0:00:07] (Nd4) } 39...f6
{ [%eval 13,16] [%emt 0:00:41] (f5) } 40.a4
{ [%eval 35,12] [%emt 0:00:08] (Nd4) } 40...a6
{ [%eval 15,15] [%emt 0:00:41] (a6) } 41.Ne1
{ [%eval 32,15] [%emt 0:01:12] (exf6) } 41...Ke6
{ [%eval 11,17] [%emt 0:00:37] (Ke6) } 42.Nd3
{ [%eval 33,15] [%emt 0:01:11] (Nd3) } 42...f5+
{ [%eval 10,18] [%emt 0: 00:37] (f5) } 43.Kd4
{ [%eval 34,17] [%emt 0:01:19] (Ke3) } 43...c5+
{ [%eval 10,18] [%emt 0:00:37] (c5) } 44.Ke3
{ [%eval 42,17] [%emt 0:01:08] (Ke3) } 44...Bf8
{ [%eval 9,18] [%emt 0:00:37] (Kd7) } 45.Ne1
{ [%eval 34,17] [%emt 0:01:43] (Ne1) } 45...Bg7
{ [%eval 9,18] [%emt 0:00:37] (Be7) } 46.Ng2
{ [%eval 36,17] [%emt 0:01:01] (Nf3) } 46...Bf8
{ [%eval 9,18] [%emt 0:00:37] (Bh6) } 47.Kd3
{ [%eval 36,18] [%emt 0:01:11] (Ne1) } 47...Be7
{ [%eval 10,18] [%emt 0:00:37] (Kf7) } 48.h4
{ [%eval 36,19] [%emt 0: 00:43] (h4) } 48...Kd7
{ [%eval 8,19] [%emt 0:00:37] (Bd8) } 49.Ne3
{ [%eval 35,18] [%emt 0:00:31] (Ne3) } 49...Bd8
{ [%eval 1,19] [%emt 0:00:37] (Bd8) } 50.Nd5
{ [%eval 35,19] [%emt 0:00:28] (Nd5) } 50...Kc6
{ [%eval 1,19] [%emt 0:00:37] (Kc6) } 51.Nc3
{ [%eval 35,19] [%emt 0:00:36] (Kc3) } 51...Kb7
{ [%eval 6,18] [%emt 0:00:37] (Bc7) } 52.Kd2
{ [%eval 35,20] [%emt 0:00:57] (Ke3) } 52...Kc6
{ [%eval 5,18] [%emt 0:00:37] (Kc6) } 53.Ke3
{ [%eval 35,19] [%emt 0:01:08] (Ke3) } 53...Kc7
{ [%eval 1,19] [%emt 0:00:37] (Kd7) } 54.Nd5+
{ [%eval 25,20] [%emt 0:07:46] (Nd5) } 54...Kc6
{ [%eval 1,20] [%emt 0: 00:37] (Kc6) } 55.Ke2
{ [%eval 34,19] [%emt 0:00:57] (Ke2) } 55...Kd7
{ [%eval 0,19] [%emt 0:00:37] (Kd7) } 56.Kd2
{ [%eval 33,18] [%emt 0:00:14] (Kd3) } 56...Kc6
{ [%eval 1,19] [%emt 0:00:37] (Ke6) } 57.Kc2
{ [%eval 33,18] [%emt 0:00:14] (Kd3) } 57...Kd7
{ [%eval 0,19] [%emt 0:00:37] (Kd7) } 58.Kc3
{ [%eval 33,18] [%emt 0:00:13] (Kd3) } 58...Ke6
{ [%eval 5,19] [%emt 0:00:37] (Kc6) } 59.Ne3
{ [%eval 33,18] [%emt 0: 00:18] (Ne3) } 59...Be7
{ [%eval 0,19] [%emt 0:00:37] (Bc7) } 60.Kd3
{ [%eval 33,18] [%emt 0:00:11] (Kb3) } 60...Bd8
{ [%eval 1,19] [%emt 0:00:37] (Bd8) } 61.Kd2
{ [%eval 33,18] [%emt 0:00:18] (Kc3) } 61...Ke7
{ [%eval 1,19] [%emt 0:00:37] (Be7) } 1/2-1/2

[Event "41st Amateur D7"]
[Site "ChessGUI4"]
[Date "2013.07.05"]
[Round "8.3"]
[White "Waxman 2011"]
[Black "ChessKiss 1.7 64-bit"]
[Result "1-0"]
[BlackElo "2214"]
[ECO "D55"]
[EventDate "2013.??.??"]
[TimeControl "40/1500:40/1500:40/1500"]
[WhiteElo "2256"]

{ i5 Quad } 1.Nf3 d5 2.d4 Nf6 3.c4 e6 4.Nc3 Be7 5.Bg5 h6 6.Bxf6 Bxf6 7.e3 O-O 8.Rc1 c6 9.Bd3 Na6
{ [%eval -45,13] [%emt 0:00:42] (Na6) } 10.O-O
{ [%eval 45,12] [%emt 0:00:43] (O-O) } 10...Bd7
{ [%eval -51,11] [%emt 0:00:42] (Qb6) } 11.cxd5
{ [%eval 51,12] [%emt 0:00:38] (a3) } 11...exd5
{ [%eval -46,12] [%emt 0:00:40] (exd5) } 12.Bxa6
{ [%eval 50,13] [%emt 0:00:41] (Qa4) } 12...bxa6
{ [%eval -33,13] [%emt 0:00:39] (bxa6) } 13.Qd3
{ [%eval 32,12] [%emt 0:00:28] (Qd3) } 13...Qa5
{ [%eval -36,12] [%emt 0:00:38] (a5) } 14.Nd2
{ [%eval 46,14] [%emt 0:00:57] (Rc2) } 14...Qb6
{ [%eval -52,13] [%emt 0:00:35] (Qb6) } 15.Nb3
{ [%eval 47,14] [%emt 0:01:14] (Nb3) } 15...Rae8
{ [%eval -44,12] [%emt 0:00:35] (Rfe8) } 16.Nc5
{ [%eval 57,12] [%emt 0:00:30] (Rc2) } 16...Bc8
{ [%eval -42, 12] [%emt 0:00:33] (Bc8) } 17.Rc2
{ [%eval 47,12] [%emt 0:00:42] (b3) } 17...Be7
{ [%eval -31,11] [%emt 0:00:34] (g6) } 18.Rfc1
{ [%eval 53,12] [%emt 0:00:43] (Kh1) } 18...Bd6
{ [%eval -25,11] [%emt 0:00:33] (f5) } 19.Ne2
{ [%eval 58,12] [%emt 0: 00:42] (Ne2) } 19...Qb5
{ [%eval -24,11] [%emt 0:00:32] (Qb5) } 20.Qxb5
{ [%eval 56,12] [%emt 0:00:32] (Qc3) } 20...axb5
{ [%eval -68,14] [%emt 0:00:34] (cxb5) } 21.Nb3
{ [%eval 95,14] [%emt 0:00:29] (Nb3) } 21...Bd7
{ [%eval -87,14] [%emt 0:00:31] (Bg4) } 22.Na5
{ [%eval 94,14] [%emt 0:00:52] (Na5) } 22...Rc8
{ [%eval -79,14] [%emt 0:00:30] (Ra8) } 23.a3
{ [%eval 96,14] [%emt 0:00:34] (Nxc6) } 23...a6
{ [%eval -91,12] [%emt 0: 00:32] (Rfe8) } 24.Nxc6
{ [%eval 93,14] [%emt 0:00:35] (Nxc6) } 24...g5
{ [%eval -125, 13] [%emt 0:00:27] (Rfe8) } 25.Nb4
{ [%eval 115,13] [%emt 0:00:34] (e4) } 25...Bxb4
{ [%eval -147,15] [%emt 0:00:30] (Bxb4) } 26.axb4
{ [%eval 119,13] [%emt 0:00:10] (axb4) } 26...Rxc2
{ [%eval -181,15] [%emt 0:00:26] (Rc4) } 27.Rxc2
{ [%eval 119,14] [%emt 0:00:09] (Rxc2) } 27...Rd8
{ [%eval -223,16] [%emt 0:00:23] (Be6) } 28.Kf1
{ [%eval 118,15] [%emt 0:00:54] (Rc5) } 28...Kf8
{ [%eval -159,13] [%emt 0:00:22] (Kg7) } 29.f3
{ [%eval 120,15] [%emt 0:00:36] (Rc5) } 29...h5
{ [%eval -182,13] [%emt 0:00:24] (Kg7) } 30.Kf2
{ [%eval 121,14] [%emt 0:00:44] (e4) } 30...Be6
{ [%eval -221,13] [%emt 0:00:23] (Ke7) } 31.f4
{ [%eval 149,15] [%emt 0:00:41] (e4) } 31...g4
{ [%eval -212,16] [%emt 0:00:22] (g4) } 32.Kg3
{ [%eval 165,15] [%emt 0:00:37] (Rc6) } 32...Kg7
{ [%eval -196,13] [%emt 0:00:25] (Re8) } 33.Kh4
{ [%eval 183,16] [%emt 0:00:58] (Rc7) } 33...Rd6
{ [%eval -256,13] [%emt 0:00:22] (Rc8) } 34.Ng3
{ [%eval 198,17] [%emt 0:00:39] (Ng3) } 34...Kg6
{ [%eval -255,15] [%emt 0:00:20] (Kg6) } 35.Rc7
{ [%eval 195,18] [%emt 0:01:10] (f5) } 35...Rb6
{ [%eval -264,16] [%emt 0:00:19] (Rb6) } 36.Rc5
{ [%eval 199,18] [%emt 0:01:21] (Rc5) } 36...f5
{ [%eval -265,17] [%emt 0:00: 18] (f5) } 37.Rc7
{ [%eval 194,18] [%emt 0:00:58] (Nxh5) } 37...Bg8
{ [%eval -265,16] [%emt 0:00:18] (Bg8) } 38.Nxh5
{ [%eval 213,18] [%emt 0:01:32] (Nxh5) } 38...Be6
{ [%eval -291,17] [%emt 0:00:18] (Kh6) } 39.Ng7
{ [%eval 247,17] [%emt 0:00:33] (Rg7) } 39...Rd6
{ [%eval -303,17] [%emt 0:00:16] (Bg8) } 40.Ne8
{ [%eval 281,17] [%emt 0:00:25] (Ne8) } 40...Rb6
{ [%eval -351,16] [%emt 0:00:17] (Rb6) } 41.Rg7+
{ [%eval 281,18] [%emt 0:00:37] (Rg7) } 41...Kh6
{ [%eval 1,1] [%emt 0:00:00] (Kh6) } 42.Rg5 Bd7 { [%eval -401,19] [%emt 0:00:59] (Bc8) } 43.Nc7
{ [%eval 300,17] [%emt 0:00:30] (Nc7) } 43...Rd6
{ [%eval -419,19] [%emt 0:00: 57] (Rd6) } 44.Rg8
{ [%eval 307,17] [%emt 0:00:36] (Rg8) } 44...Be6
{ [%eval -431,18] [%emt 0:00:56] (Be6) } 45.Ra8
{ [%eval 303,17] [%emt 0:00:38] (Ra8) } 45...Rc6
{ [%eval -470,19] [%emt 0:00:52] (Bf7) } 46.Rxa6
{ [%eval 304,18] [%emt 0:00:49] (Rxa6) } 46...Rxa6
{ [%eval -496,21] [%emt 0:01:01] (Rxa6) } 47.Nxa6
{ [%eval 305,18] [%emt 0:00:12] (Nxa6) } 47...Bd7
{ [%eval -524,24] [%emt 0:00:51] (Bd7) } 48.h3
{ [%eval 332,18] [%emt 0:00:30] (Nc7) } 48...gxh3
{ [%eval -535,23] [%emt 0:00:49] (gxh3) } 49.Kxh3
{ [%eval 344,18] [%emt 0:00:37] (Kxh3) } 49...Bc6
{ [%eval -560,23] [%emt 0:00:48] (Kg6) } 50.g4
{ [%eval 517,17] [%emt 0:00:29] (Kh4) } 50...Kg6
{ [%eval -557,22] [%emt 0:00:45] (fxg4) } 51.g5
{ [%eval 560,18] [%emt 0:00:34] (g5) } 51...Kf7
{ [%eval -577,22] [%emt 0:00:36] (Kg7) } 52.Nc7
{ [%eval 585,18] [%emt 0:00:29] (Kh4) } 52...Kg7
{ [%eval -688,21] [%emt 0:00:45] (Kg7) } 53.Kh4
{ [%eval 616, 18] [%emt 0:00:29] (Kh4) } 1-0